 Dungeon Crawl Stone Soup version 0.32-a0-960-g3814254bd7 (webtiles) character file.

Game seed: 14278918711643677712

48556 snarfax the Marksgoblin (level 14, -2/111 HPs)
             Began as a Coglin Hunter on Apr 17, 2024.
             Was a Follower of Jiyva.
             Incinerated by a smoke demon (11 damage)
             ... with a pyre arrow
             ... on level 5 of the Lair of Beasts.
             The game lasted 00:39:05 (11853 turns).

snarfax the Marksgoblin (Coglin Hunter)            Turns: 11853, Time: 00:39:06

Health: -2/111     AC: 17    Str: 12    XL:     14   Next: 46%
Magic:  14/14      EV: 18    Int: 10    God:    Jiyva [*.....]
Gold:   804        SH:  0    Dex: 21    Spells: 13/13 levels left

rFire   . . .        a - +3 sling {Josefina}
rCold   + . .        d - +5 hand cannon (freeze) {Vicente}
rNeg    . . .        k - +0 steam dragon scales
rPois   .            f - +2 helmet
rElec   +            u - +0 cloak
rCorr   .            o - +0 pair of gloves
SInv    .            (no boots)
Will    +....        (amulet unavailable)
Stlth   ++           (ring unavailable)
HPRegen 1.18/turn    (ring unavailable)
MPRegen 0.54/turn    H
                       - NW-00 gigaassembler {RevParry, rElec rC+}

%: no passive effects
@: on fire, about to teleport, glowing, studying Stealth, revved
A: off-hand wielding, slow wielding, warmup strikes, no jewellery
a: Renounce Religion


You were on level 5 of the Lair of Beasts.
You worshipped Jiyva.
Jiyva was aware of your devotion.
You visited 2 branches of the dungeon, and saw 13 of its levels.
You also visited: Bailey.

You collected 804 gold pieces.

Inventory:

Hand Weapons
 a - a +3 sling (weapon) {Josefina}
 d - a +5 hand cannon of freezing (offhand) {Vicente}
Missiles
 A - 2 throwing nets
Armour
 c - a +0 leather armour
 f - a +2 helmet (worn)
 j - a +0 scale mail
 k - +0 steam dragon scales (worn)
 n - a +0 plate armour
 o - a +0 pair of gloves (worn)
 s - the +0 chain mail of the Arcane {Str+8 Int-5 Stlth+}
   (You found it on level 4 of the Dungeon)

   Str+8:     It affects your strength (+8).
   Int-5:     It affects your intelligence (-5).
   Stlth+:    It makes you more stealthy.
 u - a +0 cloak (worn)
Gizmo
 H - a NW-00 gigaassembler (installed) {RevParry, rElec rC+}
   (You invented it yourself on level 3 of the Lair of Beasts)

   [NW-00 gigaassembler]

   RevParry:  Your AC increases as you Rev (up to +5) and while fully Revved,
   your attacks may disarm enemies.
   rC+:       It protects you from cold.
   rElec:     It insulates you from electricity.
Wands
 t - a wand of polymorph (8)
 v - a wand of quicksilver (7)
 y - a wand of mindburst (11)
 F - a wand of flame (47)
Scrolls
 b - a scroll of butterflies
 e - 4 scrolls of fear
 g - 3 scrolls of teleportation
 h - a scroll of silence
 q - a scroll of vulnerability
 x - 2 scrolls of poison
 C - a scroll of fog
 D - a scroll of revelation
 J - a scroll of blinking {unknown}
 K - a scroll of amnesia {unknown}
 L - a scroll of identify
Potions
 i - a potion of degeneration
 l - a potion of berserk rage {unknown}
 m - 3 potions of haste
 p - a potion of ambrosia {unknown}
 r - 4 potions of attraction
 w - a potion of might {unknown}
 z - a potion of brilliance
 B - 2 potions of resistance
 G - a potion of heal wounds {unknown}
 I - a potion of curing
 M - a potion of enlightenment {unknown}
Miscellaneous
 E - a sack of spiders


   Skills:
 + Level 10.8 Fighting
 * Level 15.6 Ranged Weapons
 - Level 6.0 Armour
 + Level 9.9 Dodging
 + Level 9.8 Stealth


You had 13 spell levels left.
You didn't know any spells.
Your spell library contained the following spells:

 Spells                   Type           Power      Damage    Failure   Level
 Apportation              Tloc           0%         N/A       36%         1
 Freeze                   Ice            0%         1d3       36%         1
 Necrotise                Necr           0%         1d4       36%         1
 Sandblast                Erth           0%         2d4       36%         1
 Cigotuvi's Dreadful Rot  Necr/Alch/Air  0%         N/A       50%         2
 Ensorcelled Hibernation  Hex/Ice        0%         N/A       50%         2
 Jinxbite                 Hex            0%         N/A       50%         2
 Lesser Beckoning         Tloc           0%         N/A       50%         2
 Frozen Ramparts          Ice            0%         1d1       75%         3
 Fugue of the Fallen      Necr           0%         N/A       75%         3
 Hailstorm                Conj/Ice       0%         3d5       75%         3
 Inner Flame              Hex/Fire       0%         N/A       75%         3
 Maxwell's Portable Pile  Tloc           0%         2d(5-13)  75%         3
 Passwall                 Erth           0%         N/A       75%         3
 Stone Arrow              Conj/Erth      0%         3d7       75%         3
 Teleport Other           Tloc           0%         N/A       75%         3
 Vampiric Draining        Necr           0%         2d6       75%         3
 Anguish                  Hex/Necr       0%         N/A       98%         4
 Ignite Poison            Fire/Alch      0%         N/A       98%         4
 Martyr's Knell           Necr/Summ      0%         N/A       98%         4
 Alistair's Intoxication  Alch           0%         N/A       100%        5
 Curse of Agony           Necr           0%         N/A       100%        5
 Freezing Cloud           Conj/Ice/Air   0%         6-21      100%        5
 Irradiate                Conj/Alch      0%         3d11      100%        5
 Ignition                 Fire           0%         3d3       100%        8


Dungeon Overview and Level Annotations

Branches:
Dungeon (8/15)             Temple (0/1) D:5            Lair (5/5) D:8
  Swamp (0/4) Lair:3        Snake (0/4) Lair:2        Slime (0/5) Lair:5
 Bailey (visited)

Altars:
Dithmenos
Elyvilon
Fedhas
Gozag
Hepliaklqana
Kikubaaqudgha
Qazlal
Xom
The Shining One
Jiyva

Shops:
D:6 [


Innate Abilities, Weirdness & Mutations

You can wield a second weapon in your off-hand.
It takes a long time for you to wield or remove held weapons.
Your first few attacks do less damage.
You cannot equip rings or amulets.


Message History

The liquid fire burns you!
* * * LOW HITPOINT WARNING * * *
The blink frog blinks!
Fire: a) +3 sling {Josefina}
Press: ? - help, Shift-Dir - straight line, f - large abomination
Aim: a large abomination (magical condensation, 83% to hit)
You shoot a sling bullet.
The sling bullet hits the large abomination.
The large abomination is lightly damaged.
You shoot a slug. The slug hits the large abomination!!
The slug freezes the large abomination!
The large abomination is almost destroyed.
The liquid fire burns you!
* * * LOW HITPOINT WARNING * * *
A raiju comes into view.
Fire: a) +3 sling {Josefina}
Press: ? - help, Shift-Dir - straight line, f/p - large abomination
Aim: a large abomination (almost destroyed, 83% to hit)
You shoot a sling bullet.
The sling bullet completely misses the large abomination.
You shoot a slug. The raiju barks!
The slug hits the large abomination.
The slug freezes the large abomination.
The large abomination is almost destroyed.
The liquid fire burns you!
* * * LOW HITPOINT WARNING * * *
Fire: a) +3 sling {Josefina}
Press: ? - help, Shift-Dir - straight line, f/p - large abomination
Aim: a large abomination (almost destroyed, 83% to hit)
You shoot a sling bullet.
The sling bullet hits the large abomination.
You destroy the large abomination!
You shoot a slug. The liquid fire burns you!
* * * LOW HITPOINT WARNING * * *
The blink frog blinks!
You feel better. The liquid fire burns you!
You die...
Jiyva sends a jelly to digest your remains.

♣.... ♣♣....
♣♣...♣ ♣...♣
♣♣ ♣♣..♣♣♣♣♣
.♣ .
♣....h..♣♣
.F♣..
♣..♣.....♣♣♣
♣....
♣..♣♣♣..○○.♣
♣...♣ ♣..♣
♣♣♣@..♣♣♣...♣
♣.♣♣
♣♣○F♣♣...♣
♣..♣
♣.....§l♣
♣..♣♣
♣♣♣........♣
♣♣..♣♣♣♣
♣♣♣♣♣♣♣♣....
♣.....♣ ♣♣.
♣♣..♣♣♣
♣♣..♣♣ ♣...♣♣


You could see a raiju and a blink frog.

Vanquished Creatures
  An eleionoma (Lair:3)
  An entropy weaver (shapeshifter) (D:8)
  2 hydras
  A centaur warrior (D:8)
  A boulder beetle (Lair:5)
  2 vault guards (Bailey)
  10 death yaks
  Pikel (D:8)
  A deep elf pyromancer (D:8)
  A large abomination (Lair:5)
  An oklob plant (Lair:1)
  7 elephants
  3 black mambas
  A torpor snail (Lair:3)
  A smoke demon (Lair:5)
  10 cane toads
  An unseen horror (shapeshifter) (D:8)
  A rime drake (Lair:3)
  10 komodo dragons
  A troll (D:8)
  5 polar bears
  Prince Ribbit (Bailey)
  4 blink frogs (Lair:5)
  23 yaks
  4 wyverns
  4 humans (Bailey)
  5 basilisks
  Grum (D:8)
  A vampire mosquito (D:8)
  3 steam dragons
  5 ice beasts
  An orc warrior (D:6)
  24 water moccasins
  6 black bears
  An ogre (D:5)
  2 wolves
  A centaur (D:7)
  2 phantoms
  17 bullfrogs
  3 small abominations (Lair:5)
  5 scorpions
  8 wights
  12 killer bees
  A hound (D:6)
  9 jellies
  A sleepcap (D:7)
  3 iguanas
  5 orc wizards
  5 adders
  4 gnolls (D:8)
  2 white imps
  4 ufetubi
  A ribbon worm (D:2)
  4 dart slugs
  12 orcs
  4 bats
  9 endoplasms
  An endoplasm (shapeshifter) (D:8)
  2 giant cockroaches
  11 goblins
  9 hobgoblins
  5 quokkas
  4 ball pythons
  2 frilled lizards
  4 kobolds
  4 rats
301 creatures vanquished.

Vanquished Creatures (others)
  3 jellies (Lair:5)
3 creatures vanquished.

Grand Total: 304 creatures vanquished

Notes
Turn   | Place    | Note
-------+----------+-------------------------------------------
     0 | D:1      | snarfax the Coglin Hunter began the quest for the Orb.
     0 | D:1      | Reached XP level 1. HP: 16/16 MP: 1/1
   183 | D:1      | Reached skill level 1 in Stealth
   201 | D:1      | Reached XP level 2. HP: 22/22 MP: 2/2
   848 | D:2      | Reached XP level 3. HP: 28/28 MP: 3/3
  1047 | D:2      | Reached skill level 4 in Ranged Weapons
  1555 | D:3      | Reached XP level 4. HP: 34/34 MP: 4/4
  1698 | D:3      | Found a glowing golden altar of the Shining One.
  1699 | D:3      | Found an opulent altar of Gozag.
  1699 | D:3      | Found a white marble altar of Elyvilon.
  1729 | D:3      | Became a worshipper of Elyvilon the Healer
  2376 | D:4      | Reached * piety under Elyvilon
  2391 | D:4      | Found a shimmering altar of Xom.
  2432 | D:4      | Noticed a scorpion
  2438 | D:4      | Killed a scorpion
  2439 | D:4      | Reached skill level 1 in Armour
  2439 | D:4      | Reached XP level 5. HP: 40/41 MP: 5/5
  2445 | D:4      | Found an ancient bone altar of Kikubaaqudgha.
  2479 | D:4      | Noticed a phantom
  2484 | D:4      | Killed a phantom
  2485 | D:4      | Reached XP level 6. HP: 47/47 MP: 6/6
  2499 | D:4      | Reached skill level 5 in Ranged Weapons
  2639 | D:4      | Found a stormy altar of Qazlal.
  2642 | D:4      | Found a hazy altar of Hepliaklqana.
  2795 | D:4      | Identified the +0 chain mail of the Arcane {Str+8 Int-5
                  | Stlth+}
  2856 | D:5      | Entered Level 5 of the Dungeon
  2984 | D:5      | Noticed a black bear
  2991 | D:5      | Killed a black bear
  2992 | D:5      | Reached XP level 7. HP: 53/53 MP: 7/7
  3198 | D:5      | Found a staircase to the Ecumenical Temple.
  3239 | D:5      | Reached ** piety under Elyvilon
  3569 | D:5      | Reached skill level 6 in Ranged Weapons
  3569 | D:5      | Reached XP level 8. HP: 41/61 MP: 8/8
  3644 | D:6      | Found a blossoming altar of Fedhas.
  3828 | D:6      | HP: 2/57 [wight/+4 dire flail (1)]
  4144 | D:6      | Reached skill level 5 in Fighting
  4355 | D:6      | Reached skill level 7 in Ranged Weapons
  4357 | D:6      | Found Cecrol's Antique Armour Emporium.
  4501 | D:6      | Reached XP level 9. HP: 60/68 MP: 6/9
  4950 | D:6      | Reached skill level 5 in Dodging
  5126 | D:7      | Reached *** piety under Elyvilon
  5156 | D:7      | Found a flagged portal.
  5165 | Bailey   | Entered a bailey
  5194 | Bailey   | Reached skill level 8 in Ranged Weapons
  5461 | Bailey   | Identified a scroll of acquirement
  5461 | Bailey   | Acquired a +1 hand cannon of freezing
  5516 | Bailey   | Noticed Prince Ribbit
  5518 | Bailey   | Reached skill level 5 in Armour
  5534 | Bailey   | Killed Prince Ribbit
  5637 | Bailey   | Noticed a vault guard
  5648 | Bailey   | Killed a vault guard
  5649 | Bailey   | Reached skill level 9 in Ranged Weapons
  5649 | Bailey   | Reached XP level 10. HP: 66/77 MP: 10/10
  5653 | Bailey   | Noticed a vault guard
  5659 | Bailey   | Killed a vault guard
  6286 | D:7      | Found a shadowy altar of Dithmenos.
  6444 | D:8      | Noticed Grum
  6449 | D:8      | Reached skill level 10 in Ranged Weapons
  6670 | D:8      | Noticed Pikel
  6682 | D:8      | Killed Pikel
  6683 | D:8      | Reached XP level 11. HP: 70/85 MP: 11/11
  6824 | D:8      | Killed Grum
  6955 | D:8      | Noticed a centaur warrior
  6960 | D:8      | Killed a centaur warrior
  7005 | D:8      | Noticed a boulder beetle
  7133 | D:8      | Identified the +3 spear of Locus Delicti {flame, rN++
                  | Will++ rCorr}
  7154 | D:8      | Noticed a deep elf pyromancer
  7157 | D:8      | Killed a deep elf pyromancer
  7161 | D:8      | Noticed an entropy weaver
  7168 | D:8      | Killed an entropy weaver
  7169 | D:8      | Reached skill level 11 in Ranged Weapons
  7443 | D:8      | Found a staircase to the Lair.
  7544 | Lair:1   | Entered Level 1 of the Lair of Beasts
  7548 | Lair:1   | Reached **** piety under Elyvilon
  7567 | Lair:1   | Noticed an oklob plant
  7571 | Lair:1   | Killed an oklob plant
  7775 | Lair:1   | Reached skill level 5 in Stealth
  8072 | Lair:1   | Reached XP level 12. HP: 94/94 MP: 12/12
  8344 | Lair:2   | Noticed a six-headed hydra
  8362 | Lair:2   | Killed a six-headed hydra
  8597 | Lair:2   | Reached skill level 12 in Ranged Weapons
  8601 | Lair:2   | Noticed a death yak
  8603 | Lair:2   | Noticed a death yak
  8604 | Lair:2   | Noticed a death yak
  8617 | Lair:2   | Noticed a death yak
  8629 | Lair:2   | Killed a death yak
  8645 | Lair:2   | Reached skill level 14 in Ranged Weapons
  8645 | Lair:2   | Reached XP level 13. HP: 69/101 MP: 9/13
  9103 | Lair:2   | Found a staircase to the Snake Pit.
  9672 | Lair:3   | Reached skill level 10 in Fighting
  9908 | Lair:3   | Reached skill level 15 in Ranged Weapons
  9908 | Lair:3   | Reached XP level 14. HP: 110/110 MP: 14/14
  9908 | Lair:3   | Acquired a NW-00 gigaassembler {RevParry, rElec rC+}
 10247 | Lair:3   | Found a staircase to the Swamp.
 10247 | Lair:3   | Noticed an eleionoma
 10257 | Lair:3   | Killed an eleionoma
 10840 | Lair:4   | Reached ***** piety under Elyvilon
 11343 | Lair:5   | Entered Level 5 of the Lair of Beasts
 11350 | Lair:5   | Found a viscous altar of Jiyva.
 11357 | Lair:5   | Found a staircase to the Slime Pits.
 11366 | Lair:5   | Fell from the grace of Elyvilon
 11366 | Lair:5   | Became a worshipper of Jiyva Joboro the Shapeless
 11611 | Lair:5   | Reached * piety under Jiyva
 11852 | Lair:5   | HP: 1/111 [burnt (6)]
 11853 | Lair:5   | Incinerated by a smoke demon

Illustrated notes

Levels and vault maps discovered:
D:1:      saegor_arrival_miasma, layout_basic
D:2:      layout_loops_ring, nrook_loot_triangle
D:3:      layout_basic, chequers_temple_overflow_statue_of_worship,
          kennysheep_flooded_box, hangedman_decor_push
D:4:      layout_cave_pools, mainiacjoe_overflow_concentric_impassable,
          nicolae_qazlal_general_emergency, nicolae_overflow_hidden_temple,
          mainiacjoe_overflow_tiny_flanked, serial_forest,
          infiniplex_forest_straight_5, infiniplex_forest_clump_tiny,
          infiniplex_forest_clump_large, infiniplex_forest_lined_corner,
          infiniplex_forest_clump_medium, infiniplex_forest_zigzag_2,
          infiniplex_forest_clump_medium, infiniplex_forest_straight_4
D:5:      layout_basic, minmay_temple_entry_waves
D:6:      layout_rooms, fedhas_altar_3, serial_shops,
          nicolae_shop_tiny_statue_garden, kennysheep_crisscross,
          nicolae_concentric_dashed_squares_mild, minmay_misc_feat_rugged
D:7:      layout_gridville, overflow_temple_1_default, enter_bailey_6
D:8:      layout_cave_pools, grunt_lair_entry_orc_guard_hut, minmay_evil_grid,
          uniq_grum, uniq_pikel
Lair:1:   layout_small_grid
Lair:2:   layout_regular_city, minmay_snake_entry_six_corridors
Lair:3:   layout_cave_pods, alex1729_swamp_entry_worm_eleionoma,
          chequers_serial_rivers_micro_c, beast_lair_carwin_10
Lair:4:   layout_gridlike, ldierk_geyser, dreamdust_mushroom_princess
Lair:5:   hellmonk_lair_end_abyssal_woods, layout_regular_city,
          nicolae_slime_entry_slimehenge

Skill      XL: |  1  2  3  4  5  6  7  8  9 10 11 12 13 14 |
---------------+-------------------------------------------+-----
Stealth        | 1 2 5 6 8 9 |  9.8
Dodging        | 2 3 4 6 7 8 9 |  9.9
Ranged Weapons | 4 5 6 7 9 10 11 14 15 | 15.6
Fighting       | 3 4 5 6 7 8 9 10 | 10.8
Armour         | 1 2 3 4 5 6 |  6.0

Action                     |  1- 3 |  4- 6 |  7- 9 | 10-12 | 13-15 || total
---------------------------+-------+-------+-------+-------+-------++-------
   Fire: Sling             |   116 |   182 |   522 |   293 |   346 ||  1459
         Hand cannon       |       |       |    42 |   293 |   346 ||   681
 Invoke: Purification      |       |       |     1 |     1 |       ||     2
         Heal Self         |       |       |     1 |     4 |     1 ||     6
Ability: Invent Gizmo      |       |       |       |       |     1 ||     1
    Use: Scroll            |     4 |     4 |     4 |    13 |     4 ||    29
         Potion            |       |     1 |     1 |     1 |     1 ||     4
 Armour: Leather armour    |     1 |       |       |       |       ||     1
         Scale mail        |     2 |    15 |       |       |       ||    17
         Chain mail        |       |    14 |    97 |       |       ||   111
         Steam dragon scal |       |       |    71 |    97 |    71 ||   239
  Dodge: Dodged            |     7 |    17 |   126 |   127 |    96 ||   373

Table legend: (Time is in decaauts)
 A = Elapsed time spent in this place.
 B = Non-inter-level travel time spent in this place.
 C = Inter-level travel time spent in this place.
 D = Time resting spent in this place.
 E = Time spent auto-exploring this place.
 F = Levels seen in this place.
 G = Mean time per level.
                   A        B        C        D        E       F      G
               +--------+--------+--------+--------+--------+-----+--------+
         Total |  11988 |  11617 |    371 |    974 |   8558 |  14 |  856.3 |
       Dungeon |   7071 |   6781 |    290 |    733 |   4897 |   8 |  883.9 |
          Lair |   4298 |   4217 |     81 |     53 |   3470 |   5 |  859.6 |
        Bailey |    618 |    618 |      0 |    188 |    191 |   1 |  618.0 |
               +--------+--------+--------+--------+--------+-----+--------+

Top non-repeatable levels by time:
     D:6: 1483 daAuts
  Lair:2: 1216 daAuts
  Lair:3: 1173 daAuts
     D:8: 1067 daAuts
     D:3: 893 daAuts
     D:1: 850 daAuts
     D:7: 812 daAuts
     D:5: 796 daAuts
  Lair:1: 782 daAuts
     D:2: 639 daAuts
  Lair:4: 624 daAuts
  Bailey: 618 daAuts
     D:4: 528 daAuts
  Lair:5: 502 daAuts
